 Dungeon Crawl Stone Soup version 0.28.0-1-gb440e238dd (webtiles) character file.

Game seed: 11464495044043128983

53 Dirian the Grasshopper (level 3, 0/30 HPs)
             Began as a Hill Orc Wanderer on Feb 19, 2022.
             Slain by a worm (10 damage)
             ... on level 2 of the Dungeon.
             The game lasted 00:03:51 (2911 turns).

Dirian the Grasshopper (Hill Orc Wanderer)          Turns: 2911, Time: 00:03:51

Health: 0/30       AC:  5    Str: 13    XL:     3   Next: 87%
Magic:  4/4        EV: 10    Int: 16    God:
Gold:   14         SH:  0    Dex:  9    Spells: 3/4 levels left

rFire   . . .      SeeInvis .   j - +1 short sword (freeze)
rCold   . . .      Faith    .   (no shield)
rNeg    . . .      Spirit   .   h - +0 ring mail
rPois   .          Reflect  .   (no helmet)
rElec   .          Harm     .   (no cloak)
rCorr   .          Rampage  .   (no gloves)
Will    +....                   (no boots)
Stlth   ..........              (no amulet)
HPRegen 0.10/turn               l - ring of willpower
MPRegen 0.09/turn               (no ring)

@: no status effects
A: no striking features
a: no special abilities


You were on level 2 of the Dungeon.
You visited 1 branch of the dungeon, and saw 2 of its levels.

You collected 14 gold pieces.

Inventory:

Hand Weapons
 a - a +0 dagger
 j - a +1 short sword of freezing (weapon)
Missiles
 b - 14 poisoned darts (quivered)
Armour
 c - a +0 robe
 h - a +0 ring mail (worn)
 m - a +0 chain mail
Jewellery
 l - a ring of willpower (left hand)
Scrolls
 k - a scroll of summoning {unknown}
 n - a scroll of immolation {unknown}
 o - 2 scrolls of identify {unknown}
 t - 2 scrolls of teleportation
Potions
 d - a potion of attraction {unknown}
 e - 2 potions of degeneration {unknown}
 f - 2 potions of heal wounds {unknown}
 g - 2 potions of mutation {unknown}
 i - a potion of might {unknown}


   Skills:
 + Level 2.3 Fighting
 * Level 3.0 Axes
 - Level 2.6 Throwing
 + Level 1.5 Armour
 - Level 1.0 Spellcasting
 - Level 1.0 Summonings
 - Level 3.2 Translocations


You had 3 spell levels left.
You knew the following spells:

 Your Spells              Type           Power      Damage    Failure   Level
a - Summon Small Mammal   Summ           16%        N/A       32%         1

Your spell library contained the following spells:

 Spells                   Type           Power      Damage    Failure   Level
 Apportation              Tloc           22%        N/A       13%         1
 Teleport Other           Tloc           11%        N/A       36%         3
 Summon Guardian Golem    Hex/Summ       2%         N/A       75%         3
 Passage of Golubria      Tloc           11%        N/A       77%         4


Dungeon Overview and Level Annotations

Branches:
Dungeon (2/15)

Altars:


Message History

You barely miss the adder. Your punch misses the adder.
The adder is heavily wounded.
You feel sick. The adder bites you but does no damage.
The adder barely misses you.
You hit the adder.
The adder seems to slow down.
You freeze the adder.
The adder is severely wounded.
You feel sick. The adder bites you.
You hit the adder but do no damage.
The adder is severely wounded.
You feel sick.
You are no longer poisoned.
The adder barely misses you.
You barely miss the adder.
The adder is severely wounded.
The adder bites you but does no damage.
You completely miss the adder.
The adder is severely wounded.
The adder bites you but does no damage.
You hit the adder.
The adder seems to slow down.
You freeze the adder.
The adder is almost dead.
The adder bites you.
You closely miss the adder.
The adder is almost dead.
The adder barely misses you.
You hit the adder. You freeze the adder.
You kill the adder!
The hobgoblin closely misses you.
Your Axes skill increases to level 3!
You closely miss the hobgoblin. The hobgoblin barely misses you.
You hit the hobgoblin. You freeze the hobgoblin.
You kill the hobgoblin!
You hit the worm. You freeze the worm.
The worm is moderately wounded.
You hit the worm. You freeze the worm.
The worm is severely wounded.
The worm bites you.
You barely miss the worm.
The worm is heavily wounded.
The worm bites you!
You die...

##........#
###########
##........#
#.(........
##........#
#.._.......
##........#
#........(.
##........#
#..........
##........#
#..........
##........#
#..........
...)......# #w#
.....##.########@####
.......>##..........#
.....##.##.########.#
.....##....# #
.....##.####
#######.# ###


You could see a worm.

Vanquished Creatures
  An adder (D:2)
  3 bats
  4 endoplasms
  3 giant cockroaches
  3 goblins
  5 hobgoblins
  2 kobolds
  A quokka (D:1)
  4 ball pythons
  6 frilled lizards
  3 rats (D:1)
35 creatures vanquished.

Vanquished Creatures (collateral kills)
  A dart slug (D:1)
  A ball python (D:1)
  A quokka (D:1)
3 creatures vanquished.

Grand Total: 38 creatures vanquished

Notes
Turn   | Place    | Note
-------+----------+-------------------------------------------
     0 | D:1      | Dirian the Hill Orc Wanderer began the quest for the Orb.
     0 | D:1      | Dirian set off with the following items: a +0 dagger, 14
                  | poisoned darts, a +0 robe; and the following spells
                  | available to memorise: Apportation, Summon Small Mammal,
                  | Teleport Other, Summon Guardian Golem, Passage of Golubria
     0 | D:1      | Reached XP level 1. HP: 16/16 MP: 2/2
     2 | D:1      | Learned a level 1 spell: Summon Small Mammal
   297 | D:1      | Reached skill level 1 in Axes
   475 | D:1      | Reached XP level 2. HP: 14/23 MP: 1/3
  1211 | D:1      | Reached skill level 1 in Armour
  1378 | D:1      | Reached XP level 3. HP: 28/29 MP: 4/4
  2885 | D:2      | Found a faded altar of an unknown god.
  2911 | D:2      | Slain by a worm

Illustrated notes

Levels and vault maps discovered:
D:1:      arrival_zaba_pyramid, layout_basic
D:2:      layout_basic, basic_ecumenical_altar

Skill      XL: |  1  2  3 |
---------------+----------+-----
Axes           | 1 2 3 |  3.0
Armour         | 1 |  1.5
Fighting       | 2 |  2.3
Throwing       | |  2.6
Spellcasting   | |  1.0
Summonings     | |  1.0
Translocations | |  3.2

Action                   || total
-------------------------++-------
Melee: Dagger            ||    74
       Short sword       ||   108
       Punch             ||     1
 Cast: Summon Small Mamm ||    15
  Use: Scroll            ||     3
 Stab: Sleeping          ||     1
Armor: Robe              ||    32
       Ring mail         ||     8
Dodge: Dodged            ||   130
